 Dungeon Crawl Stone Soup version 0.30.1-11-g7821555f0a (webtiles) character file.

Game seed: 7599154152664015771

7997 Lambda the Spear-Bearer (level 11, -3/92 HPs)
             Began as a Merfolk Monk on Nov 27, 2023.
             Was an Elder of Nemelex Xobeh.
             Slain by a red ugly thing (6 damage)
             ... on level 9 of the Dungeon on Nov 28, 2023.
             The game lasted 01:07:14 (6984 turns).

Lambda the Spear-Bearer (Merfolk Monk)              Turns: 6984, Time: 01:07:18

Health: -3/92      AC: 12    Str: 12    XL:     11   Next: 24%
Magic:  15/15      EV: 23    Int: 10    God:    Nemelex Xobeh [****..]
Gold:   348        SH:  0    Dex: 20    Spells: 10/10 levels left

rFire   . . .        x - +1 hand axe (heavy)
rCold   . . .        d - orb {light}
rNeg    . . .        R - +1 leather armour {rPois}
rPois   +            M - +0 helmet
rElec   .            y - +0 cloak
rCorr   .            h - +1 pair of gloves
SInv    .            (no boots)
Will    .....        u - amulet of regeneration
Stlth   +            q - +5 ring of evasion
HPRegen 1.15/turn    t - +4 ring of protection
MPRegen 0.14/turn

%: no passive effects
@: glowing
A: (nimble swimmer 2), mertail
a: Renounce Religion, Draw Escape, Draw Destruction, Draw Summoning, Triple
Draw, Deal Four


You were on level 9 of the Dungeon.
You worshipped Nemelex Xobeh.
Nemelex Xobeh was greatly pleased with you.
You visited 2 branches of the dungeon, and saw 10 of its levels.

You collected 572 gold pieces.
You spent 224 gold pieces at shops.

Inventory:

Hand Weapons
 a - a +0 falchion
 v - a +2 quarterstaff of chaos
 x - a +1 heavy hand axe (weapon)
 G - a +0 trident
 Q - a +0 quarterstaff of holy wrath
Missiles
 F - 5 curare-tipped darts
 S - 5 javelins (quivered)
 T - 28 poisoned darts
Armour
 d - an orb of light (worn)
 f - an orb of guile
 h - a +1 pair of gloves (worn)
 y - a +0 cloak (worn)
 M - a +0 helmet (worn)
 R - a +1 leather armour of poison resistance (worn)
 X - +0 acid dragon scales
Magical Staves
 l - a staff of fire
Jewellery
 n - the amulet "Hosch" {Spirit Str+5 Int+6 Dex-5}
   (You found it on level 5 of the Dungeon)

   [amulet of guardian spirit]

   It causes incoming damage to be divided between your reserves of health and
   magic.
   Str:       It affects your strength (+5).
   Int:       It affects your intelligence (+6).
   Dex:       It affects your dexterity (-5).
 q - a +5 ring of evasion (left hand)
 t - a +4 ring of protection (right hand)
 u - an amulet of regeneration (around neck)
 w - an amulet of magic regeneration
 D - a ring of poison resistance
 J - an amulet of faith
 N - an amulet of reflection
 V - a +6 ring of intelligence
 Y - a +6 ring of strength
 Z - an amulet of regeneration
Wands
 H - a wand of iceblast (12)
 U - a wand of flame (13)
Scrolls
 b - 2 scrolls of blinking
 i - a scroll of teleportation
 m - a scroll of immolation
 p - 2 scrolls of enchant weapon
 B - a scroll of magic mapping
 E - 3 scrolls of poison
 I - a scroll of amnesia
 K - a scroll of torment
 O - a scroll of fog {unknown}
 P - a scroll of vulnerability {unknown}
Potions
 c - 3 potions of ambrosia
 e - 4 potions of brilliance
 g - 7 potions of curing
 j - a potion of mutation
 k - a potion of cancellation
 o - 2 potions of haste
 r - a potion of flight {unknown}
 s - 2 potions of heal wounds {unknown}
 z - 2 potions of berserk rage
 A - 4 potions of might
 C - 2 potions of lignification
 L - a potion of magic {unknown}


   Skills:
 * Level 10.6 Fighting
 + Level 8.5 Long Blades
 * Level 12.0 Polearms
 + Level 9.6 Dodging
 + Level 6.4 Invocations


You had 10 spell levels left.
You didn't know any spells.
Your spell library contained the following spells:

 Spells                   Type           Power      Damage    Failure   Level
 Summon Small Mammal      Summ           0%         N/A       43%         1
 Call Canine Familiar     Summ           0%         N/A       82%         3
 Summon Guardian Golem    Hex/Summ       0%         N/A       82%         3
 Volatile Blastmotes      Fire/Tloc      0%         2d10      82%         3
 Fulminant Prism          Conj/Hex       0%         3d5       99%         4
 Iskenderun's Mystic Bla  Conj/Tloc      0%         2d3       99%         4
 Lee's Rapid Deconstruct  Erth           0%         3d4*      100%        5


Dungeon Overview and Level Annotations

Branches:
Dungeon (9/15)             Temple (1/1) D:4            Lair (0/5) D:9
    Orc (0/2) D:9

Altars:
Ashenzari
Cheibriados
Dithmenos
Elyvilon
Fedhas
Gozag
Hepliaklqana
Kikubaaqudgha
Makhleb
Nemelex Xobeh
Okawaru
Qazlal
Ru
Sif Muna
Trog
Uskayaw
Vehumet
Wu Jian
Xom
Yredelemnul
Zin
The Shining One

Shops:
D:3 (   D:4 (*   D:6 [


Innate Abilities, Weirdness & Mutations

((You are very nimble when in or above water. (Stealth+, EV+, Speed+++)))
Your lower body shifts to a powerful aquatic tail in water.


Message History

The wyvern misses you.
The red ugly thing punches you but does no damage.
You slash the red ugly thing!
The red ugly thing is moderately wounded.
You hit the wyvern but do no damage. The wyvern closely misses you.
The wyvern misses you. The red ugly thing barely misses you.
You hit the red ugly thing.
The red ugly thing is moderately wounded.
You hit the wyvern.
You kill the wyvern!
The red ugly thing misses you. The red ugly thing barely misses you.
You slash the red ugly thing!
The red ugly thing is heavily wounded.
The red ugly thing punches you.
You are engulfed in flames!
You hit the red ugly thing but do no damage.
The red ugly thing is heavily wounded.
The red ugly thing misses you. x2
You barely miss the red ugly thing.
The red ugly thing is heavily wounded.
The red ugly thing closely misses you.
The red ugly thing completely misses you.
Okay, then.
Press: ? - help, v - describe, . - travel
Here: a red ugly thing (heavily wounded, haloed)
The floor, spattered with blood.
The red ugly thing misses you.
You start removing your amulet.
You continue taking off your amulet of regeneration.
The red ugly thing punches you.
Keep disrobing?
You are engulfed in flames!
You continue taking off your amulet of regeneration.
The red ugly thing punches you!
* * * LOW HITPOINT WARNING * * *
You are engulfed in flames!
* * * LOW HITPOINT WARNING * * *
You continue taking off your amulet of regeneration.
The red ugly thing punches you.
You die...
Your body glows with a rainbow of weird colours and disappears.

~..~≈~.~≈
..≈~≈≈.S≈≈~~......... ..
~≈~≈≈~.~.~~.~....... ...
.~~≈≈~.~.~≈........##...
....~~.~.~..............
.......................>
........................
.###....... ..#...#.....
.####.......#.#u@.......
..##........#..#.....##.
...#....# #....#†.####
.....#..###.......#
#....##...........##
###......##........#
#.......##.....###
##.##.#.........##
#.....#..........#


You could see a red ugly thing.

Vanquished Creatures
  A cyclops (D:9)
  Joseph (D:8)
  A komodo dragon (D:9)
  A hornet (D:8)
  A troll (D:9)
  Grinder (D:3)
  Sigmund (D:4)
  Eustachio (D:4)
  A wyvern (D:9)
  A wraith (D:9)
  6 yaks (D:9)
  A steam dragon (D:9)
  2 acid dragons
  6 water moccasins
  3 sky beasts (D:7)
  3 orc warriors
  2 black bears
  2 ogres
  6 centaurs (D:6)
  2 wolves (D:9)
  5 kobold brigands
  Blork the orc (D:6)
  2 bullfrogs
  A scorpion (D:7)
  3 wights (D:9)
  8 killer bees
  3 electric eels (D:8)
  6 howler monkeys
  9 hounds
  A jelly (D:6)
  7 orc priests
  Crazy Yiuf (D:4)
  2 iguanas
  8 orc wizards
  5 gnolls
  8 adders
  An ufetubus (D:6)
  2 dart slugs
  42 orcs
  5 ball pythons
  4 endoplasms
  5 giant cockroaches
  13 goblins
  6 hobgoblins
  3 jackals (D:4)
  21 kobolds
  4 quokkas
  8 bats
  6 frilled lizards
  8 rats
241 creatures vanquished.

Vanquished Creatures (others)
  An orc (D:5)
1 creature vanquished.

Grand Total: 242 creatures vanquished

Notes
Turn   | Place    | Note
-------+----------+-------------------------------------------
     0 | D:1      | Lambda the Merfolk Monk began the quest for the Orb.
     0 | D:1      | Reached XP level 1. HP: 18/18 MP: 1/1
    68 | D:1      | Reached skill level 1 in Polearms
    72 | D:1      | Reached XP level 2. HP: 23/24 MP: 2/2
   235 | D:1      | Reached skill level 2 in Polearms
   235 | D:1      | Reached XP level 3. HP: 13/30 MP: 3/3
   811 | D:3      | Reached XP level 4. HP: 37/37 MP: 4/4
   939 | D:3      | Noticed a water moccasin
   954 | D:3      | Killed a water moccasin
   955 | D:3      | Reached skill level 3 in Polearms
   955 | D:3      | Reached XP level 5. HP: 10/43 MP: 5/5
  1436 | D:3      | Found Jokkiur's Antique Weapon Emporium.
  1650 | D:3      | Noticed Grinder
  1653 | D:3      | Paralysed by Grinder for 5 turns
  1668 | D:3      | Killed Grinder
  1669 | D:3      | Reached skill level 5 in Fighting
  1669 | D:3      | Reached skill level 5 in Polearms
  1669 | D:3      | Reached skill level 5 in Dodging
  1669 | D:3      | Reached XP level 6. HP: 35/51 MP: 6/6
  1803 | D:3      | Found a faded altar of an unknown god.
  1808 | D:3      | Prayed at the altar of an unknown god.
  1808 | D:3      | Became a worshipper of Nemelex Xobeh the Trickster
  1808 | D:3      | Reached * piety under Nemelex Xobeh
  1808 | D:3      | Received a gift from Nemelex Xobeh
  1808 | D:3      | Reached ** piety under Nemelex Xobeh
  1808 | D:3      | Received a gift from Nemelex Xobeh
  2020 | D:3      | Received a gift from Nemelex Xobeh
  2047 | D:4      | Found a snail-covered altar of Cheibriados.
  2103 | D:4      | Found Jogo's Serpentskin Sales.
  2103 | D:4      | Noticed a water moccasin
  2105 | D:4      | Killed a water moccasin
  2106 | D:4      | Reached XP level 7. HP: 56/56 MP: 7/7
  2133 | D:4      | Noticed Eustachio
  2167 | D:4      | Killed Eustachio
  2168 | D:4      | Reached skill level 5 in Long Blades
  2168 | D:4      | Reached skill level 1 in Invocations
  2226 | D:4      | Found Zofista's Antique Weapon Boutique.
  2534 | D:4      | Reached skill level 6 in Polearms
  2559 | D:4      | Found a staircase to the Ecumenical Temple.
  2572 | Temple   | Entered the Ecumenical Temple
  2759 | D:4      | Found a runed translucent door.
  2760 | D:4      | Noticed Crazy Yiuf
  2768 | D:4      | Killed Crazy Yiuf
  2840 | D:4      | Noticed Sigmund
  2849 | D:4      | Killed Sigmund
  2850 | D:4      | Reached XP level 8. HP: 65/65 MP: 9/9
  3132 | D:4      | Reached *** piety under Nemelex Xobeh
  3295 | D:4      | Bought a scroll of poison for 56 gold pieces
  3295 | D:4      | Bought 5 curare-tipped darts for 84 gold pieces
  3295 | D:4      | Bought a +0 leather armour of poison resistance for 84 gold
                  | pieces
  3320 | D:5      | Entered Level 5 of the Dungeon
  3514 | D:5      | Identified the amulet "Hosch" {Spirit Str+5 Int+6 Dex-5}
  3792 | D:5      | Reached skill level 7 in Polearms
  4117 | D:6      | Reached XP level 9. HP: 71/72 MP: 11/11
  4247 | D:6      | Received a gift from Nemelex Xobeh
  4262 | D:6      | Noticed Blork the orc
  4274 | D:6      | Killed Blork the orc
  4275 | D:6      | Reached skill level 8 in Polearms
  4687 | D:6      | Received a gift from Nemelex Xobeh
  4860 | D:6      | Found Sotenegu's Antique Armour Shoppe.
  4919 | D:7      | Reached skill level 9 in Polearms
  5009 | D:7      | Reached XP level 10. HP: 74/82 MP: 13/13
  5023 | D:7      | Reached **** piety under Nemelex Xobeh
  5024 | D:7      | Identified the +3 dagger "Taheyps" {pain, Str+3}
  5107 | D:7      | Reached skill level 10 in Polearms
  5107 | D:7      | Reached skill level 5 in Invocations
  5389 | D:7      | Found an iron altar of Okawaru.
  5390 | D:7      | Found a bloodstained altar of Trog.
  5479 | D:8      | Noticed Joseph
  5526 | D:8      | Received a gift from Nemelex Xobeh
  5553 | D:8      | Killed Joseph
  5817 | D:8      | Found a transporter.
  5827 | D:8      | Found a transporter.
  6259 | D:9      | Found a staircase to the Orcish Mines.
  6261 | D:9      | Received a gift from Nemelex Xobeh
  6347 | D:9      | Found a staircase to the Lair.
  6378 | D:9      | Reached skill level 11 in Polearms
  6393 | D:9      | Reached skill level 10 in Fighting
  6526 | D:9      | Noticed a cyclops
  6527 | D:9      | Found a sacrificial altar of Ru.
  6567 | D:9      | Reached XP level 11. HP: 86/91 MP: 15/15
  6592 | D:9      | Killed a cyclops
  6592 | D:9      | Noticed a red ugly thing
  6779 | D:9      | Reached skill level 12 in Polearms
  6983 | D:9      | HP: 2/92 [red ugly thing (15)]
  6984 | D:9      | Slain by a red ugly thing

Illustrated notes

Levels and vault maps discovered:
D:1:      wander_arrival_fairy_ring, layout_rooms
D:2:      layout_rooms, minmay_indecisive_spiral
D:3:      layout_loops_corners, hellmonk_ecumenical_altar_heavens_door,
          serial_shops, nicolae_shop_window_shopping, uniq_grinder
D:4:      minmay_wonky_spiral, layout_basic, general_overflow_altar,
          minmay_temple_entry_mist, nicolae_stop_n_shop_1, guppyfry_shop_venom,
          uniq_crazy_yiuf_cottage, uniq_eustachio, uniq_sigmund
D:5:      layout_loops_ring
D:6:      layout_cave_pods, serial_shops, nicolae_shop_crystal, centaur_isle,
          uniq_blork_the_orc
D:7:      layout_cave_pools, grunt_temple_overflow_bloody_war, serial_glass,
          glass_columns_c, glass_columns_a, glass_columns_a, glass_columns_a,
          glass_columns_a, glass_columns_c
D:8:      gammafunk_steamed_eel, layout_loops_ring, uniq_joseph
D:9:      layout_cave_pools, erik_lair_island, david_orc_2, minmay_ruined_shrine
Temple:   nicolae_temple_bog_church

Skill      XL: |  1  2  3  4  5  6  7  8  9 10 11 |
---------------+----------------------------------+-----
Polearms       | 1 2 3 5 6 7 9 11 12 | 12.0
Long Blades    | 4 5 6 7 8 |  8.5
Fighting       | 4 5 6 7 8 10 | 10.6
Dodging        | 5 6 7 8 9 |  9.6
Invocations    | 2 3 4 6 |  6.4

Action                     |  1- 3 |  4- 6 |  7- 9 | 10-12 || total
---------------------------+-------+-------+-------+-------++-------
  Melee: Falchion          |    86 |    43 |    61 |       ||   190
         Hand axe          |       |       |   221 |   292 ||   513
         Tailslap          |       |       |    12 |       ||    12
  Throw: Dart              |       |       |     3 |     4 ||     7
         Javelin           |       |       |       |     7 ||     7
 Invoke: Draw Destruction  |       |     1 |     2 |     6 ||     9
         Draw Summoning    |       |       |     1 |     1 ||     2
  Evoke: Wand              |       |     9 |       |     3 ||    12
    Use: Potion            |     1 |     1 |       |     2 ||     4
         Scroll            |     1 |     7 |     3 |     8 ||    19
 Armour: Robe              |    24 |     6 |    21 |       ||    51
         Leather armour    |       |       |   105 |   102 ||   207
  Dodge: Dodged            |    68 |    38 |   658 |   611 ||  1375
